 Dungeon Crawl Stone Soup version 0.31.0-11-ge490571c62 (webtiles) character file.

Game seed: 9920625294779077684

280 Arcadio the Chiller (level 6, -7/41 HPs)
             Began as a Merfolk Ice Elementalist on Jan 31, 2024.
             Mangled by an ogre
             ... wielding a +0 giant spiked club
              (10 damage)
             ... on level 4 of the Dungeon.
             The game lasted 00:05:13 (2946 turns).

Arcadio the Chiller (Merfolk Ice Elementalist)      Turns: 2946, Time: 00:05:14

Health: -7/41      AC:  5    Str:  9    XL:     6   Next: 27%
Magic:  0/11       EV: 12    Int: 16    God:
Gold:   173        SH:  0    Dex: 20    Spells: 2/12 levels left

rFire   . . .        c - +0 short sword
rCold   . . .        (no shield)
rNeg    . . .        i - +0 ring mail
rPois   .            (no helmet)
rElec   .            (no cloak)
rCorr   .            (no gloves)
SInv    .            (no boots)
Will    .....        (no amulet)
Stlth   ++           e - +6 ring of dexterity
HPRegen 0.26/turn    m - ring of wizardry
MPRegen 0.12/turn

%: wizardry (x1)
@: freezing walls
A: (nimble swimmer 2), mertail
a: no special abilities


You were on level 4 of the Dungeon.
You visited 1 branch of the dungeon, and saw 4 of its levels.

You collected 173 gold pieces.

Inventory:

Hand Weapons
 c - a +0 short sword (weapon)
Armour
 a - a +0 robe
 i - a +0 ring mail (worn)
Jewellery
 e - a +6 ring of dexterity (left hand)
 m - a ring of wizardry (right hand)
Scrolls
 f - 4 scrolls of identify {unknown}
 g - a scroll of teleportation {unknown}
 j - a scroll of poison {unknown}
 k - 2 scrolls of immolation {unknown}
 n - a scroll of revelation {unknown}
 p - a scroll of noise {unknown}
 q - a scroll of enchant armour {unknown}
 r - a scroll of amnesia {unknown}
 u - a scroll of fear {unknown}
Potions
 b - a potion of magic
 d - 2 potions of lignification {unknown}
 h - a potion of brilliance {unknown}
 l - a potion of heal wounds {unknown}
 o - a potion of ambrosia {unknown}
 s - a potion of attraction {unknown}
 t - a potion of haste {unknown}
 v - a potion of curing {unknown}


   Skills:
 + Level 5.3 Dodging
 - Level 2.1 Stealth
 + Level 3.7 Spellcasting
 + Level 5.8 Ice Magic


You had 2 spell levels left.
You knew the following spells:

 Your Spells              Type           Power      Damage    Failure   Level
a - Freeze                Ice            84%        1d9       1%          1
b - Frozen Ramparts       Ice            42%        1d7       5%          3
c - Ozocubu's Armour      Ice            21%        N/A       5%          3
d - Summon Ice Beast      Ice/Summ       12%        N/A       17%         3

Your spell library contained the following spells:

 Spells                   Type           Power      Damage    Failure   Level


Dungeon Overview and Level Annotations

Branches:
Dungeon (4/15)
 Temple: D:4-7

Altars:
Ashenzari


Innate Abilities, Weirdness & Mutations

((You are very nimble when in or above water. (Stealth+, EV+, Speed+++)))
Your lower body shifts to a powerful aquatic tail in water.


Message History

You don't have enough magic to cast this spell.
You hit the ogre but do no damage.
The ogre is lightly wounded.
The ogre hits you with a +0 giant club!
Your ice beast barely misses the ogre.
The ogre closely misses you.
Your ice beast hits the ogre.
Your ice beast freezes the ogre.
Your ice beast hits the ogre.
Your ice beast freezes the ogre.
You see here a +0 whip.
Casting: Summon Ice Beast (quite dangerous; 19% risk of failure)
Confirm with . or Enter, or press ? or * to list all spells.
You don't have enough magic to cast this spell.
You hit the ogre.
The ogre is severely wounded.
The ogre hits you with a +0 giant club!
Your ice beast hits the ogre.
Your ice beast freezes the ogre.
The ogre dies!
Your Dodging skill increases to level 5!
You have reached level 6!
You see here a +0 giant club.
You swap places.
The ogre hits your ice beast with a +0 giant spiked club!!
Your ice beast dies!
Your ice beast disappears in a puff of smoke!
You see here an adder corpse.
Casting: Summon Ice Beast (quite dangerous; 17% risk of failure)
Confirm with . or Enter, or press ? or * to list all spells.
Casting: Frozen Ramparts (dangerous; 5% risk of failure)
Press: ? - help, Dir - look around, f - activate The walls around you are covered in ice.
The wall freezes the ogre.
You barely miss the ogre.
The ogre is lightly wounded.
The wall freezes the ogre.
The ogre hits you with a +0 giant spiked club!
* * * LOW HITPOINT WARNING * * *
You hit the ogre but do no damage.
The ogre is moderately wounded.
The wall freezes the ogre.
The ogre hits you with a +0 giant spiked club!
You die...

.. .# #.# #.#O# ......
..#.. . .##.#.#.#.#
.....$..#...# .#
#.#.?....#.##.#
....?.#.#....# #........#
# #.#.#†##@#.##.#
#.....)O......#
.#.#.##.###.##.#.......
...............#.......
##
.#.##.###.####.##.....##.
#.##.###.####..........
..............#.......#
...##...######.......# ..
###.###.........#


You could see an ogre.

Vanquished Creatures
  A scorpion (D:4)
  A hound (D:4)
  4 adders
  2 dart slugs (D:2)
  3 ribbon worms
  An orc (D:3)
  5 bats
  4 endoplasms
  A giant cockroach (D:3)
  9 goblins
  5 hobgoblins
  4 jackals (D:3)
  3 quokkas
  5 ball pythons
  3 frilled lizards
  3 kobolds
  4 rats
58 creatures vanquished.

Vanquished Creatures (collateral kills)
  An ogre (D:4)
1 creature vanquished.

Grand Total: 59 creatures vanquished

Notes
Turn   | Place    | Note
-------+----------+-------------------------------------------
     0 | D:1      | Arcadio the Merfolk Ice Elementalist began the quest for
                  | the Orb.
     0 | D:1      | Reached XP level 1. HP: 13/13 MP: 3/3
   266 | D:1      | Reached XP level 2. HP: 19/19 MP: 3/5
   876 | D:2      | Found a faded altar of an unknown god.
  1219 | D:2      | Reached XP level 3. HP: 23/24 MP: 6/6
  1223 | D:2      | Learned a level 3 spell: Frozen Ramparts
  1681 | D:3      | Learned a level 3 spell: Ozocubu's Armour
  1712 | D:3      | Reached skill level 5 in Ice Magic
  1806 | D:3      | Reached XP level 4. HP: 25/30 MP: 8/8
  2656 | D:4      | Noticed a phantom
  2666 | D:4      | Reached XP level 5. HP: 29/35 MP: 6/9
  2780 | D:4      | Found a broken altar of Ashenzari.
  2897 | D:4      | Noticed an ogre
  2926 | D:4      | Noticed an ogre
  2930 | D:4      | Learned a level 3 spell: Summon Ice Beast
  2940 | D:4      | Killed an ogre
  2941 | D:4      | Reached skill level 5 in Dodging
  2941 | D:4      | Reached XP level 6. HP: 13/41 MP: 3/11
  2946 | D:4      | Mangled by an ogre

Illustrated notes

Levels and vault maps discovered:
D:1:      roderic_crossed_star, layout_basic
D:2:      layout_loops_ring, ebering_ecumenical_altar_petrified
D:3:      layout_basic, minmay_randomly_rotated_circles
D:4:      layout_rooms, ashenzari_conservatory_becter, chequers_mini_garden,
          minmay_diced_spiral, uniq_sigmund

Skill      XL: |  1  2  3  4  5 |
---------------+----------------+-----
Dodging        | 3 4 5 |  5.3
Ice Magic      | 5 |  5.8
Spellcasting   | 3 |  3.7
Stealth        | |  2.1

Action                     |  1- 3 |  4- 6 || total
---------------------------+-------+-------++-------
  Melee: Short sword       |    69 |    50 ||   119
         Punch             |     2 |       ||     2
   Cast: Freeze            |    26 |    17 ||    43
         Frozen Ramparts   |       |     4 ||     4
         Summon Ice Beast  |       |     1 ||     1
         Ozocubu's Armour  |       |     1 ||     1
   Stab: Sleeping          |     6 |     4 ||    10
 Armour: Robe              |    31 |    11 ||    42
         Ring mail         |       |    20 ||    20
  Dodge: Dodged            |    53 |    32 ||    85
